 Dungeon Crawl Stone Soup version 0.20.0-15-g7f486f2 (webtiles) character file.

596 Gorglomux the Skirmisher (level 7, -1/79 HPs)
             Began as an Ogre Gladiator on June 10, 2017.
             Slain by Prince Ribbit (13 damage)
             ... on level 5 of the Dungeon.
             The game lasted 00:04:26 (5456 turns).

Gorglomux the Skirmisher (Ogre Gladiator)           Turns: 5456, Time: 00:04:26

Health: -1/79      AC:  3    Str: 19    XL:     7   Next: 40%
Magic:  7/7        EV: 16    Int:  9    God:
Gold:   198        SH:  0    Dex: 17    Spells: 6/6 levels left

rFire    . . .     SeeInvis .   a - +0 trident
rCold    . . .     Gourm    .   (no shield)
rNeg     . . .     Faith    .   b - +0 robe
rPois    .         Spirit   .   c - +0 hat
rElec    .         Reflect  .   (no cloak)
rCorr    .         Harm     .   (gloves unavailable)
MR       .....                  (boots unavailable)
Stlth    +++.......             (no amulet)
Regen    0.3/turn               (no ring)
MPRegen  0.1/turn               (no ring)

@: agile
A: unfitting armour, tough skin 1
a: no special abilities


You were on level 5 of the Dungeon.
You were not hungry.

You visited 1 branch of the dungeon, and saw 5 of its levels.

You collected 198 gold pieces.

Inventory:

Hand Weapons
 a - a +0 trident (weapon)
Missiles
 Z - a throwing net (quivered)
Armour
 b - a +0 robe (worn)
 c - a +0 hat (worn)
Scrolls
 I - a scroll of noise {unknown}
 J - 2 scrolls of immolation
 K - a scroll of amnesia {unknown}
 R - a scroll of recharging {unknown}
 S - a scroll of fog {unknown}
 T - a scroll of teleportation
 X - a scroll of fear {unknown}
 Y - 2 scrolls of magic mapping {unknown}
Potions
 N - a potion of haste
 O - a potion of brilliance {unknown}
 P - a potion of cancellation {unknown}
 Q - 7 potions of curing
 U - a potion of berserk rage {unknown}
 V - 4 potions of heal wounds
Books
 M - a book of Necromancy

   Spells                             Type                      Level
   a - Pain                           Necromancy                   1
   b - Animate Skeleton               Necromancy                   1
   c - Vampiric Draining              Necromancy                   3
   d - Regeneration                   Charms/Necromancy            3
   e - Animate Dead                   Necromancy                   4
   f - Control Undead                 Necromancy                   4
Comestibles
 f - 5 bread rations
 z - a meat ration
 H - 6 chunks of flesh
 W - 3 fruits


   Skills:
 + Level 7.7 Fighting
 + Level 6.1 Polearms
 - Level 2.0 Throwing
 - Level 2.6 Dodging


You had 6 spell levels left.
You didn't know any spells.

Dungeon Overview and Level Annotations

Branches:
Dungeon (5/15)
 Temple: D:4-7

Altars:
Cheibriados
Ru
Zin

Annotations:
D:5 Prince Ribbit


Innate Abilities, Weirdness & Mutations

You are too large for most types of armour.
You have tough skin. (AC +1)


Message History

Prince Ribbit is heavily wounded.
You hit Prince Ribbit.
Prince Ribbit is heavily wounded.
Prince Ribbit barely misses you.
You closely miss Prince Ribbit.
Prince Ribbit is heavily wounded.
Prince Ribbit completely misses you.
Prince Ribbit blinks!
Attack whom?
Press: ? - help, Dir - move target cursor, f/p - Prince Ribbit
Aim: Prince Ribbit (heavily wounded)
You reach to attack!
You hit Prince Ribbit.
Prince Ribbit is heavily wounded.
You barely miss Prince Ribbit.
Prince Ribbit is heavily wounded.
Prince Ribbit hits you!
* * * LOW HITPOINT WARNING * * *
You miss Prince Ribbit.
Prince Ribbit is heavily wounded.
Prince Ribbit hits you!
You die...

#............#
#............
#.........?.##
#............#
#(......(....#
#......).....#
#.....F......#
#......@.....#
#.......†....#
#............#
#........)%..#
############)#
............)#
#.....(....#
#..........#
#..........#


You could see Prince Ribbit.

Vanquished Creatures
  An ogre (D:4)
  A water moccasin skeleton (D:4)
  A crimson imp (D:3)
  A bullfrog zombie (D:4)
  A hound (D:4)
  3 orc wizards
  3 worker ants (D:4)
  A hound skeleton (D:4)
  Robin (D:3)
  6 adders
  An ooze (D:1)
  2 dart slugs
  4 leopard geckos
  18 orcs
  A ball python (D:3)
  6 giant cockroaches
  13 goblins
  13 hobgoblins
  4 jackals
  8 bats
  8 frilled lizards
  13 kobolds
  A leopard gecko skeleton (D:4)
  A quokka skeleton (D:4)
  8 rats
120 creatures vanquished.

Notes
Turn   | Place    | Note
-------+----------+-------------------------------------------
     0 | D:1      | Gorglomux the Ogre Gladiator began the quest for the Orb.
     0 | D:1      | Reached XP level 1. HP: 22/22 MP: 1/1
    19 | D:1      | Reached skill level 3 in Fighting
    85 | D:1      | Reached XP level 2. HP: 23/31 MP: 2/2
   633 | D:1      | Reached XP level 3. HP: 29/39 MP: 3/3
  1168 | D:2      | Reached skill level 4 in Fighting
  1418 | D:2      | Reached XP level 4. HP: 43/48 MP: 4/4
  1608 | D:2      | Found a glowing silver altar of Zin.
  2177 | D:3      | Found a snail-covered altar of Cheibriados.
  2204 | D:3      | Reached skill level 5 in Fighting
  2204 | D:3      | Reached XP level 5. HP: 55/57 MP: 5/5
  2290 | D:3      | Noticed Robin
  2348 | D:3      | Killed Robin
  2879 | D:3      | Found a sacrificial altar of Ru.
  3334 | D:4      | Reached XP level 6. HP: 49/67 MP: 6/6
  3742 | D:4      | Reached skill level 6 in Fighting
  4622 | D:4      | Reached skill level 7 in Fighting
  4622 | D:4      | Reached XP level 7. HP: 55/78 MP: 7/7
  4969 | D:4      | Reached skill level 6 in Polearms
  5373 | D:5      | Entered Level 5 of the Dungeon
  5423 | D:5      | Noticed Prince Ribbit
  5456 | D:5      | Slain by Prince Ribbit

Skill      XL: |  1  2  3  4  5  6  7 |
---------------+----------------------+-----
Fighting       | 3 4 5 7 |  7.7
Polearms       | 4 5 6 |  6.1
Throwing       | |  2.0
Dodging        | |  2.6

Action                   |  1- 3 |  4- 6 |  7- 9 || total
-------------------------+-------+-------+-------++-------
Melee: Trident           |   130 |   242 |    94 ||   466
Throw: Throwing net      |     4 |     1 |     2 ||     7
  Use: Scroll            |       |     5 |     1 ||     6
       Potion            |       |       |     1 ||     1
 Stab: Sleeping          |     1 |     5 |       ||     6
       Distracted        |       |     2 |     1 ||     3
       Held in net/web   |       |     1 |       ||     1
  Eat: Chunk             |     2 |    10 |     3 ||    15
Armor: Robe              |    43 |    41 |    16 ||   100
Dodge: Dodged            |    84 |    95 |    35 ||   214
